 Dungeon Crawl Stone Soup version 0.24.0-2-g5b39cebb1c (webtiles) character file.

Game seed: 756680522245761524, levelgen mode: deterministic

345 Mrkan the Caller (level 6, 0/62 HPs)
             Began as an Ogre Summoner on Oct 31, 2019.
             Was an Initiate of Nemelex Xobeh.
             Slain by Grinder (6 damage)
             ... on level 4 of the Dungeon.
             The game lasted 00:13:12 (5959 turns).

Mrkan the Caller (Ogre Summoner)                    Turns: 5959, Time: 00:13:14

Health: 0/62       AC:  3    Str: 12 (13) XL:     6   Next: 58%
Magic:  8/12       EV:  9    Int: 21 (23) God:    Nemelex Xobeh [......]
Gold:   170        SH:  0    Dex:  6 (9)  Spells: 6/13 levels left

rFire    . . .     SeeInvis .   n - +0 mace
rCold    . . .     Gourm    .   (no shield)
rNeg     . . .     Faith    .   a - +0 robe
rPois    .         Spirit   .   (helmet restricted)
rElec    .         Reflect  .   (no cloak)
rCorr    .         Harm     .   (gloves unavailable)
MR       .....                  (boots unavailable)
Stlth    +.........             (no amulet)
HPRegen  0.20/turn              (no ring)
MPRegen  0.13/turn              (no ring)

@: brilliant
A: large, unfitting armour, tough skin 1
a: Draw Escape, Draw Destruction, Draw Summoning, Renounce Religion


You were on level 4 of the Dungeon.
You worshipped Nemelex Xobeh.
Nemelex Xobeh was noncommittal.
You were not hungry.

You visited 1 branch of the dungeon, and saw 4 of its levels.

You collected 170 gold pieces.

Inventory:

Hand Weapons
 n - a +0 mace (weapon)
Armour
 a - a +0 robe (worn)
Wands
 i - a wand of digging (4)
Scrolls
 b - 4 scrolls of teleportation {unknown}
 e - 2 scrolls of magic mapping {unknown}
 h - 2 scrolls of identify {unknown}
 j - a scroll of immolation {unknown}
 k - a scroll of fear {unknown}
 l - a scroll of blinking {unknown}
 m - a scroll of enchant armour {unknown}
Potions
 g - 2 potions of brilliance
Comestibles
 c - 8 rations


   Skills:
 + Level 4.0 Fighting
 - Level 1.7 Dodging
 - Level 1.4 Stealth
 + Level 4.2 Spellcasting
 * Level 5.6 Summonings


You had 6 spell levels left.
You knew the following spells:

 Your Spells              Type           Power        Failure   Level  Hunger
a - Summon Small Mammal   Summ           ####         1%          1    None
b - Call Imp              Summ           #####...     1%          2    #......
c - Summon Lightning Spi  Summ/Air       ####....     4%          4    ####...

Your spell library contained the following spells:

 Spells                   Type           Power        Failure   Level  Hunger
 Call Canine Familiar     Summ           #####...     1%          3    ###....
 Summon Guardian Golem    Hex/Summ       ####....     1%          3    ###....
 Summon Ice Beast         Ice/Summ       ####....     4%          4    ####...


Dungeon Overview and Level Annotations

Branches:
Dungeon (4/15)
 Temple: D:4-7

Altars:
Gozag
Nemelex Xobeh
Qazlal
Sif Muna
Uskayaw

Annotations:
D:3 3 runed translucent doors, joejoepie's ghost, amateur DrBe
D:4 Grinder


Innate Abilities, Weirdness & Mutations

You are too large for most types of armour.
You have tough skin. (AC +1)


Message History

Confirm with . or Enter, or press ? or * to list all spells.
A beastly little devil appears in a puff of flame.
Grinder says, "Are you a fish?"
Grinder completely misses your crimson imp.
Your crimson imp blinks! x2
Grinder hits your white imp!
Your white imp dies!
Your crimson imp blinks!
Grinder hits you but does no damage. Grinder hits you.
* * * LOW HITPOINT WARNING * * *
Grinder hits you but does no damage.
You barely miss Grinder.
Grinder is moderately wounded.
You feel less wooden.
Your +0 robe unmelds from your body.
Grinder hits you.
* * * LOW HITPOINT WARNING * * *
You writhe in agony.
You die...
Your body disappears without a glow.

#####.#.####...>...
..........##...#
#####...#......#
#...####.5.###.#
#.......5<)....#
#.######).#####...
#..........#
########.##.#.##
#.5@5.5........
#.#####........ #
#........#
.........#
#........#
..>......#
##.....$. #######


You could see Grinder and 2 friendly crimson imps.

Vanquished Creatures
  An orc wizard (D:3)
  A hound (D:4)
  Natasha (D:3)
  A gnoll (D:2)
  An adder (D:3)
  A worm (D:3)
  A dart slug (D:1)
  3 orcs
  A ball python (D:1)
  3 goblins
  3 hobgoblins
  A jackal (D:3)
  5 kobolds
  A quokka (D:3)
  5 bats
  7 frilled lizards
  A quokka skeleton (D:4)
  5 rats
42 creatures vanquished.

Vanquished Creatures (collateral kills)
  Menkaure (D:4)
  A scorpion (D:3)
  An orc wizard (D:3)
  Terence (D:3)
  Ijyb (D:3)
  Natasha (twice) (D:3)
  2 gnolls (D:2)
  3 adders (D:3)
  3 worms
  A leopard gecko (D:4)
  3 orcs (D:3)
  A giant cockroach (D:3)
  4 goblins
  2 hobgoblins
  2 jackals (D:3)
  A bat (D:2)
  2 frilled lizards
  4 kobolds
  2 rats (D:3)
37 creatures vanquished.

Grand Total: 79 creatures vanquished

Notes
Turn   | Place    | Note
-------+----------+-------------------------------------------
     0 | D:1      | Mrkan the Ogre Summoner began the quest for the Orb.
     0 | D:1      | Reached XP level 1. HP: 16/16 MP: 3/3
   325 | D:1      | Reached XP level 2. HP: 22/26 MP: 5/5
   377 | D:1      | Reached skill level 1 in Fighting
   771 | D:1      | Learned a level 2 spell: Call Imp
   860 | D:1      | Reached skill level 4 in Summonings
  1301 | D:1      | Reached XP level 3. HP: 24/33 MP: 2/7
  2219 | D:3      | Noticed Terence
  2288 | D:3      | Found a faded altar of an unknown god.
  2335 | D:3      | Killed Terence
  2592 | D:3      | Reached XP level 4. HP: 18/42 MP: 8/8
  3447 | D:3      | Reached XP level 5. HP: 13/50 MP: 5/10
  4137 | D:3      | Noticed Ijyb
  4149 | D:3      | Killed Ijyb
  4463 | D:3      | Found a sparkling altar of Nemelex Xobeh.
  4465 | D:3      | Found an opulent altar of Gozag.
  4471 | D:3      | Became a worshipper of Nemelex Xobeh the Trickster
  4525 | D:3      | Received a gift from Nemelex Xobeh
  4539 | D:3      | Noticed Natasha
  4556 | D:3      | Killed Natasha
  4556 | D:3      | Reached skill level 5 in Summonings
  4709 | D:3      | Noticed Natasha
  4718 | D:3      | Killed Natasha
  4752 | D:3      | Noticed Natasha
  4759 | D:3      | Killed Natasha
  4981 | D:3      | Found a runed translucent gate.
  4982 | D:3      | Noticed a big kobold
  4983 | D:3      | Found a runed translucent gate.
  4983 | D:3      | Noticed a big kobold
  4984 | D:3      | Noticed joejoepie's ghost (amateur DrBe)
  4985 | D:3      | Found a runed translucent gate.
  4986 | D:3      | Noticed a big kobold
  5184 | D:3      | Found a hide-covered altar of Uskayaw.
  5184 | D:3      | Found a shimmering blue altar of Sif Muna.
  5185 | D:3      | Found a stormy altar of Qazlal.
  5397 | D:3      | Learned a level 4 spell: Summon Lightning Spire
  5544 | D:4      | Reached XP level 6. HP: 32/61 MP: 10/12
  5910 | D:4      | Noticed Menkaure
  5914 | D:4      | Noticed Grinder
  5934 | D:4      | Killed Menkaure
  5959 | D:4      | Slain by Grinder

Levels and vault maps discovered:
D:1:      tarquinn_simple_flora_water_f, layout_basic, st_stairs_7
D:2:      layout_loops_ring, first_ration, minmay_misc_feat_plants
D:3:      layout_basic, grunt_temple_overflow_opulence,
          grunt_temple_overflow_diamond, chequers_ecumenical_altar_twisty,
          gammafunk_ghost_nasty_kobolds, uniq_ijyb, uniq_natasha, uniq_terence
D:4:      layout_loops_cross, vehumet_statue, lemuel_temple_firewalk_b,
          uniq_menkaure, uniq_grinder

Skill      XL: |  1  2  3  4  5  6 |
---------------+-------------------+-----
Fighting       | 1 2 3 4 |  4.0
Summonings     | 4 5 |  5.6
Spellcasting   | 3 4 |  4.2
Dodging        | |  1.7
Stealth        | |  1.4

Action                   |  1- 3 |  4- 6 || total
-------------------------+-------+-------++-------
Melee: Club              |   161 |    75 ||   236
       Unarmed           |     8 |       ||     8
       Mace              |       |    43 ||    43
 Cast: Summon Small Mamm |     3 |       ||     3
       Call Imp          |    21 |    38 ||    59
  Use: Potion            |       |     4 ||     4
 Stab: Distracted        |       |     1 ||     1
       Sleeping          |       |     1 ||     1
  Eat: Chunk             |     6 |     6 ||    12
       Ration            |       |     2 ||     2
Armor: Robe              |    62 |    40 ||   102
       Skin              |       |     7 ||     7
Dodge: Dodged            |   127 |   101 ||   228
